 Dungeon Crawl Stone Soup version 0.30-a0-305-g026cb31310 (webtiles) character file.

Game seed: 2035529046480282833

1209 koil the Covert (level 8, -2/42 HPs)
             Began as a Spriggan Brigand on Oct 22, 2022.
             Was an Initiate of Wu Jian.
             Slain by hikkokomori's ghost (10 damage)
             ... on level 5 of the Dungeon.
             The game lasted 00:17:06 (3999 turns).

koil the Covert (Spriggan Brigand)                  Turns: 3999, Time: 00:17:06

Health: -2/42      AC:  3    Str:  7    XL:     8   Next: 22%
Magic:  16/16      EV: 20    Int: 14    God:    Wu Jian [......]
Gold:   252        SH:  0    Dex: 17    Spells: 17/17 levels left

rFire   . . .      SeeInvis +    q - +8 war axe of Gyiceeso {vorpal, rElec rN+}
rCold   . . .      Faith    .    (no shield)
rNeg    + . .      Spirit   .    b - +0 robe
rPois   .          Reflect  .    (helmet restricted)
rElec   +          Harm     .    D - +0 cloak
rCorr   .          Rampage  .    (gloves unavailable)
Will    +....                    (boots unavailable)
Stlth   ++++......               (no amulet)
HPRegen 0.27/turn                (no ring)
MPRegen 0.15/turn                (no ring)

@: very quick
A: very small, no large weapons, unfitting armour, see invisible, speed 3
a: Renounce Religion


You were on level 5 of the Dungeon.
You worshipped Wu Jian.
Wu Jian was noncommittal.
You visited 2 branches of the dungeon, and saw 6 of its levels.

You collected 252 gold pieces.

Inventory:

Hand Weapons
 d - a +1 vampiric short sword
 l - the +7 war axe of the Bursting Gods {antimagic, Int+5 Dex-5}
   (You found it on level 2 of the Dungeon)

   It reduces the magical energy of the wielder, and disrupts the spells and
   magical abilities of those it strikes.
   Natural abilities and divine invocations are not affected.
   Int:       It affects your intelligence (+5).
   Dex:       It affects your dexterity (-5).
 m - a +3 dagger of protection
 q - the +8 war axe of Gyiceeso (weapon) {vorpal, rElec rN+}
   (You found it on level 5 of the Dungeon)

   It inflicts extra damage upon your enemies.
   rElec:     It insulates you from electricity.
   rN:        It protects you from negative energy.
Missiles
 e - a curare-tipped dart
 h - a throwing net
 x - 10 poisoned darts (quivered)
Armour
 b - a +0 robe (worn)
 D - a +0 cloak (worn)
Jewellery
 g - a ring of protection from cold
 n - a ring of resist corrosion
Wands
 v - a wand of light (21)
 B - a wand of paralysis (5)
Scrolls
 a - a scroll of identify
 c - a scroll of brand weapon
 f - a scroll of summoning
 k - 3 scrolls of teleportation
 z - a scroll of magic mapping
Potions
 i - 2 potions of lignification
 j - a potion of berserk rage
 o - a potion of curing
 p - a potion of haste
 F - a potion of ambrosia
 G - a potion of cancellation


   Skills:
 + Level 3.8 Fighting
 + Level 5.2 Short Blades
 - Level 2.0 Throwing
 + Level 5.7 Dodging
 + Level 9.2 Stealth
 + Level 5.0 Spellcasting


You had 17 spell levels left.
You didn't know any spells.
Your spell library contained the following spells:

 Spells                   Type           Power      Damage    Failure   Level
 Kindle Blastsparks       Fire/Tloc/Air  6%         2d10      45%         3
 Portal Projectile        Hex/Tloc       6%         N/A       45%         3
 Summon Guardian Golem    Hex/Summ       3%         N/A       45%         3
 Fulminant Prism          Conj/Hex       1%         3d6       86%         4
 Iskenderun's Mystic Bla  Conj/Tloc      3%         2d3       86%         4
 Summon Ice Beast         Ice/Summ       3%         N/A       86%         4
 Lee's Rapid Deconstruct  Erth           1%         3d4*      99%         5


Dungeon Overview and Level Annotations

Branches:
Dungeon (5/15)             Temple (1/1) D:4

Altars:
Ashenzari
Cheibriados
Dithmenos
Elyvilon
Gozag
Kikubaaqudgha
Makhleb
Nemelex Xobeh
Okawaru
Qazlal
Ru
Sif Muna
Trog
Uskayaw
Vehumet
Wu Jian
Xom
Yredelemnul
Zin
The Shining One

Annotations:
D:5 hikkokomori's ghost, novice TeHu


Innate Abilities, Weirdness & Mutations

You are very small and have problems with some larger weapons.
You are too small for most types of armour.
You have supernaturally acute eyesight. (SInv)
You cover ground extremely quickly. (Speed+++)


Message History

Hikkokomori's ghost completely misses you.
The ball python bites you but does no damage.
The ball python completely misses you. Hikkokomori's ghost barely misses you.
The bullfrog hits you.
You closely miss hikkokomori's ghost. You barely miss the ball python.
You hit the bullfrog.
The ball python completely misses you. x2
The bullfrog barely misses you. Hikkokomori's ghost misses you.
The ball python misses you. The ball python completely misses you.
The bullfrog closely misses you.
You slash hikkokomori's ghost!
Hikkokomori's ghost is moderately damaged.
You hit the ball python. You closely miss the bullfrog.
The bullfrog completely misses you. The ball python bites you.
The ball python completely misses you. Hikkokomori's ghost misses you.
The bullfrog barely misses you. The ball python misses you.
The ball python barely misses you. Hikkokomori's ghost misses you.
You hit hikkokomori's ghost.
Hikkokomori's ghost is moderately damaged.
You slash the ball python!
You kill the ball python!
The Council accepts your kill.
You hit the bullfrog. The bullfrog barely misses you.
The bullfrog completely misses you. Hikkokomori's ghost hits you.
The bullfrog hits you.
You closely miss hikkokomori's ghost.
Hikkokomori's ghost is moderately damaged.
You closely miss the bullfrog. Hikkokomori's ghost hits you.
The bullfrog misses you. Hikkokomori's ghost hits you!
* * * LOW HITPOINT WARNING * * *
The bullfrog hits you.
* * * LOW HITPOINT WARNING * * *
Hikkokomori's ghost says, "They lied to you.
The Dungeon just goes down and down forever."
You slash the bullfrog!
You kill the bullfrog!
The Council accepts your kill.
Your Spellcasting skill increases to level 5!
You lunge at hikkokomori's ghost.
You hit hikkokomori's ghost.
Hikkokomori's ghost is heavily damaged.
Hikkokomori's ghost hits you!
You die...

#~~~# #~!~# #~~~# ... #~~~#
.... #~~~# ..#. #~†~#..#.. #
..######'##.....
##.<.......W.....#
#..####.#..@....##
#.#.....##......##
.#......####.#....## .# ..
.........###..#....## .# ...
................#...###.#....
≈≈.≈≈§§...####....<..... ....
......≈...#####........##....
♣♣♣♣♣.≈.........###..........
....♣.≈.........#............


You could see hikkokomori's ghost.

Vanquished Creatures
  Grinder (D:3)
  Sigmund (D:3)
  2 ogres (D:5)
  A bullfrog (D:5)
  2 scorpions
  A howler monkey (D:3)
  2 hounds
  2 orc priests (D:3)
  Crazy Yiuf (D:3)
  Natasha (thrice) (D:3)
  An iguana (D:5)
  Ijyb (D:3)
  6 gnolls
  7 adders
  An ufetubus (D:4)
  A worm (D:2)
  A dart slug (D:3)
  6 orcs
  9 ball pythons
  2 endoplasms (D:1)
  A giant cockroach (D:5)
  9 goblins
  7 hobgoblins
  4 kobolds
  2 quokkas
  4 bats
  A frilled lizard (D:2)
  7 rats
86 creatures vanquished.

Vanquished Creatures (others)
  6 fungi (D:3)
  24 plants (D:5)
30 creatures vanquished.

Grand Total: 116 creatures vanquished

Notes
Turn   | Place    | Note
-------+----------+-------------------------------------------
     0 | D:1      | koil the Spriggan Brigand began the quest for the Orb.
     0 | D:1      | Reached XP level 1. HP: 10/10 MP: 2/2
   190 | D:1      | Reached skill level 6 in Stealth
   194 | D:1      | Reached XP level 2. HP: 15/15 MP: 2/4
   811 | D:2      | Reached skill level 1 in Spellcasting
   894 | D:2      | Identified the +7 war axe of the Bursting Gods {antimagic,
                  | Int+5 Dex-5}
  1013 | D:2      | Reached XP level 3. HP: 18/18 MP: 5/5
  1046 | D:2      | Found an opulent altar of Gozag.
  1941 | D:3      | Noticed Ijyb
  1945 | D:3      | Killed Ijyb
  1946 | D:3      | Reached XP level 4. HP: 23/23 MP: 7/7
  1949 | D:3      | Noticed Grinder
  1982 | D:3      | Killed Grinder
  1983 | D:3      | Reached skill level 7 in Stealth
  1983 | D:3      | Reached XP level 5. HP: 12/27 MP: 8/10
  1983 | D:3      | Reached XP level 6. HP: 14/32 MP: 8/11
  2002 | D:3      | Noticed Natasha
  2026 | D:3      | Killed Natasha
  2175 | D:3      | Noticed Natasha
  2181 | D:3      | Killed Natasha
  2464 | D:3      | Noticed Natasha
  2495 | D:3      | Killed Natasha
  2608 | D:3      | Noticed Sigmund
  2613 | D:3      | Killed Sigmund
  2614 | D:3      | Reached skill level 8 in Stealth
  2614 | D:3      | Reached XP level 7. HP: 36/36 MP: 12/14
  2768 | D:3      | Found a runed translucent door.
  2769 | D:3      | Noticed Crazy Yiuf
  2776 | D:3      | Killed Crazy Yiuf
  2922 | D:4      | Reached skill level 5 in Dodging
  3092 | D:4      | Found a staircase to the Ecumenical Temple.
  3155 | Temple   | Entered the Ecumenical Temple
  3185 | Temple   | Became a worshipper of the Wu Jian Council
  3412 | D:4      | Got the Precepts of the United Voyage
  3540 | D:4      | Found a hide-covered altar of Uskayaw.
  3541 | D:4      | Found a basalt altar of Yredelemnul.
  3808 | D:5      | Entered Level 5 of the Dungeon
  3864 | D:5      | Found a sacrificial altar of Ru.
  3866 | D:5      | Reached XP level 8. HP: 41/41 MP: 14/16
  3901 | D:5      | Reached skill level 5 in Short Blades
  3954 | D:5      | Reached skill level 9 in Stealth
  3959 | D:5      | Found an iron altar of Okawaru.
  3971 | D:5      | Identified the +8 war axe of Gyiceeso {vorpal, rElec rN+}
  3977 | D:5      | Found a runed translucent door.
  3982 | D:5      | Noticed hikkokomori's ghost (novice TeHu)
  3998 | D:5      | Reached skill level 5 in Spellcasting
  3999 | D:5      | Slain by hikkokomori's ghost

Illustrated notes

Levels and vault maps discovered:
D:1:      minmay_arrival_open_corners, layout_basic
D:2:      layout_basic, basic_altar, dk_noncrumbling_4
D:3:      layout_loops_ring, nrook_campfire, minmay_misc_feat_plants,
          uniq_grinder, uniq_ijyb, uniq_sigmund, uniq_natasha,
          uniq_crazy_yiuf_cottage
D:4:      layout_loops_ring, mainiacjoe_overflow_divided_tiny,
          minmay_temple_entry_junction
D:5:      layout_rooms, mainiacjoe_overflow_brackets, nicolae_ru_awakened_eye,
          ebering_ghost_sewer_f, serial_bayou, serial_bayou_pond_e,
          serial_bayou_lagoon_a, serial_bayou_shore_b, serial_bayou_pond_e,
          minmay_checkerbox
Temple:   lightli_temple_of_artemis

Skill      XL: |  1  2  3  4  5  6  7  8 |
---------------+-------------------------+-----
Stealth        | 6 7 8 9 |  9.2
Spellcasting   | 1 3 4 5 |  5.0
Dodging        | 2 3 4 5 |  5.7
Fighting       | 2 3 |  3.8
Short Blades   | 3 4 5 |  5.2
Throwing       | |  2.0

Action                   |  1- 3 |  4- 6 |  7- 9 || total
-------------------------+-------+-------+-------++-------
Melee: Dagger            |    87 |    71 |    90 ||   248
       War axe           |       |       |     9 ||     9
Throw: Dart              |    10 |    16 |    10 ||    36
Invok: Lunge             |       |       |     3 ||     3
Evoke: Wand              |       |     1 |       ||     1
  Use: Scroll            |       |       |    14 ||    14
       Potion            |       |       |     3 ||     3
 Stab: Sleeping          |    17 |     4 |     7 ||    28
       Invisible         |       |     1 |       ||     1
Armor: Robe              |     9 |     9 |    11 ||    29
Dodge: Dodged            |    58 |    40 |    84 ||   182

Table legend: (Time is in decaauts)
 A = Elapsed time spent in this place.
 B = Non-inter-level travel time spent in this place.
 C = Inter-level travel time spent in this place.
 D = Time resting spent in this place.
 E = Time spent auto-exploring this place.
 F = Levels seen in this place.
 G = Mean time per level.
                   A        B        C        D        E       F      G
               +--------+--------+--------+--------+--------+-----+--------+
         Total |   2655 |   2565 |     90 |     63 |   1693 |   6 |  442.5 |
       Dungeon |   2510 |   2430 |     80 |     43 |   1636 |   5 |  502.0 |
        Temple |    145 |    136 |      9 |     19 |     56 |   1 |  145.0 |
               +--------+--------+--------+--------+--------+-----+--------+

Top non-repeatable levels by time:
     D:3: 812 daAuts
     D:2: 542 daAuts
     D:1: 512 daAuts
     D:4: 501 daAuts
  Temple: 145 daAuts
     D:5: 141 daAuts
